 Dungeon Crawl Stone Soup version 0.32-a0-22-g6ae6769602 (webtiles) character file.

Game seed: 11439758627653335651

95 MacCMillion the Chopper (level 4, -8/35 HPs)
             Began as a Formicid Fighter on Jan 18, 2024.
             Mangled by a gnoll
             ... wielding a +0 whip of electrocution
              (15 damage)
             ... on level 2 of the Dungeon.
             The game lasted 00:02:17 (2276 turns).

MacCMillion the Chopper (Formicid Fighter)          Turns: 2276, Time: 00:02:17

Health: -8/35      AC:  6    Str: 22    XL:     4   Next: 95%
Magic:  4/4        EV:  9    Int:  8    God:
Gold:   23         SH:  5    Dex: 13    Spells: 3/3 levels left

rFire   . . .        a - +0 war axe
rCold   . . .        c - +0 buckler
rNeg    . . .        b - +0 scale mail
rPois   .            (helmet unavailable)
rElec   .            (no cloak)
rCorr   .            (no gloves)
SInv    +            (no boots)
Will    .....        (no amulet) Stlth
                     (no ring)
HPRegen 0.25/turn    (no ring)
MPRegen 0.09/turn

%: no passive effects
@: no status effects
A: permanent stasis, dig shafts and tunnels, antennae 3, four strong arms
a: Dig, Shaft Self


You were on level 2 of the Dungeon.
You visited 1 branch of the dungeon, and saw 3 of its levels.

You collected 51 gold pieces.
You spent 28 gold pieces at shops.

Inventory:

Hand Weapons
 a - a +0 war axe (weapon)
Missiles
 q - 2 javelins
 r - 2 poisoned darts
Armour
 b - a +0 scale mail (worn)
 c - a +0 buckler (worn)
Scrolls
 e - a scroll of fog {unknown}
 g - 5 scrolls of blinking {unknown}
 h - a scroll of torment {unknown}
 n - 2 scrolls of identify
 o - a scroll of revelation {unknown}
 p - a scroll of teleportation {unknown}
 s - a scroll of poison {unknown}
 t - a scroll of immolation {unknown}
Potions
 d - a potion of might
 f - a potion of cancellation {unknown}
 i - 2 potions of haste
 j - a potion of berserk rage {unknown}
 k - a potion of curing {unknown}
 l - a potion of brilliance {unknown}
 m - a potion of heal wounds {unknown}


   Skills:
 - Level 3.2 Fighting
 + Level 4.7 Axes
 - Level 3.2 Armour
 - Level 4.0 Shields


You had 3 spell levels left.
You didn't know any spells.
Your spell library was empty.

Dungeon Overview and Level Annotations

Branches:
Dungeon (3/15)

Altars:

Shops:
D:2 ?


Innate Abilities, Weirdness & Mutations

You cannot be hasted, slowed, berserked, paralysed or teleported.
You can dig through walls and to a lower floor.
You have a pair of large antennae on your head. (SInv)
Your four strong arms can wield two-handed weapons with a shield.


Message History

There is a stone staircase leading down here.
You hit the gnoll but do no damage. The gnoll barely misses you.
You block the gnoll's attack.
You slash the gnoll!
The gnoll is severely wounded.
The gnoll hits you with a +0 flail!
You are too injured to fight recklessly!
You are too injured to fight recklessly!
You are too injured to fight recklessly!
You hit the gnoll.
The gnoll is almost dead.
You block the gnoll's attack.
You hit the gnoll.
You kill the gnoll!
Things that are here:
a +0 flail; a gnoll corpse You start resting.
HP restored.
You start waiting.
Done waiting.
There is a stone staircase leading down here.
You climb downwards.
You block the gnoll's attack.
There is a stone staircase leading up here.
You closely miss the gnoll. You hit the gnoll. The gnoll barely misses you.
The gnoll hits you with a +0 whip of electrocution.
You are electrocuted!!
Ouch! That really hurt!
You block the gnoll's attack.
The gnoll hits you from afar with a +0 spear.
You block the gnoll's attack.
You climb upwards.
There is a stone staircase leading down here.
You are too injured to fight recklessly!
You hit the gnoll.
The gnoll is lightly wounded.
You slash the gnoll!
The gnoll hits you with a +0 whip of electrocution.
* * * LOW HITPOINT WARNING * * *
You are electrocuted!
You die...

..# ###...##
#...# ..#
##...## #.###
..#
##...#####.##
..#
#..........#
###
#####.###.#.#
#..)...#..#.#
#......#.##.#
#....gg#.##.#
#...)@......#
#############


You could see 2 gnolls.

Vanquished Creatures
  An adder (D:3)
  5 gnolls
  A dart slug (D:1)
  2 ribbon worms
  An orc (D:3)
  3 bats
  An endoplasm (D:2)
  4 goblins
  4 hobgoblins
  4 ball pythons
  3 frilled lizards
  4 rats
33 creatures vanquished.

Notes
Turn   | Place    | Note
-------+----------+-------------------------------------------
     0 | D:1      | MacCMillion the Formicid Fighter began the quest for the
                  | Orb.
     0 | D:1      | Reached XP level 1. HP: 18/18 MP: 1/1
   177 | D:1      | Reached XP level 2. HP: 23/24 MP: 2/2
   695 | D:2      | Identified the +4 scale mail of Faduo {*Slow rN++}
  1019 | D:2      | Found Notahett's Magic Scroll Shoppe.
  1022 | D:2      | Bought a scroll of identify for 28 gold pieces
  1276 | D:3      | Reached XP level 3. HP: 26/29 MP: 3/3
  1800 | D:2      | Reached XP level 4. HP: 13/35 MP: 4/4
  2276 | D:2      | Mangled by a gnoll

Illustrated notes

Levels and vault maps discovered:
D:1:      dpeg_arrival_solitude, layout_basic,
          amcnicky_mini_rare_corridor_liquid, st_stairs_8
D:2:      layout_basic, serial_shops, nicolae_shop_rolled_up
D:3:      layout_rooms, old_standard_altar, kennysheep_generic_room_14

Skill      XL: |  1  2  3 |
---------------+----------+-----
Axes           | 3 4 |  4.7
Fighting       | |  3.2
Armour         | |  3.2
Shields        | |  4.0

Action                     |  1- 3 |  4- 6 || total
---------------------------+-------+-------++-------
  Melee: War axe           |    63 |    28 ||    91
    Use: Scroll            |     1 |       ||     1
 Armour: Scale mail        |    52 |    26 ||    78
  Dodge: Dodged            |    39 |    14 ||    53
  Block: Buckler           |    19 |    14 ||    33

Table legend: (Time is in decaauts)
 A = Elapsed time spent in this place.
 B = Non-inter-level travel time spent in this place.
 C = Inter-level travel time spent in this place.
 D = Time resting spent in this place.
 E = Time spent auto-exploring this place.
 F = Levels seen in this place.
 G = Mean time per level.
                   A        B        C        D        E       F      G
               +--------+--------+--------+--------+--------+-----+--------+
         Total |   2313 |   2264 |     49 |    544 |   1380 |   3 |  771.0 |
       Dungeon |   2313 |   2264 |     49 |    544 |   1380 |   3 |  771.0 |
               +--------+--------+--------+--------+--------+-----+--------+

Top non-repeatable levels by time:
     D:2: 1243 daAuts
     D:1: 691 daAuts
     D:3: 378 daAuts
